 Dungeon Crawl Stone Soup version 0.23.2-1-ga50397a (webtiles) character file.

Game seed: 6433971550165153081

1879 Kairos the Cleaver (level 8, -4/73 HPs)
             Began as a Deep Dwarf Fighter on June 2, 2019.
             Slain by a gargoyle
             ... wielding a +0 mace
              (13 damage)
             ... on level 6 of the Dungeon.
             The game lasted 00:10:30 (4750 turns).

Kairos the Cleaver (Deep Dwarf Fighter)             Turns: 4750, Time: 00:10:31

Health: -4/73      AC: 14    Str: 22    XL:     8   Next: 91%
Magic:  5/5        EV: 10    Int:  9    God:
Gold:   312        SH: 11    Dex: 12    Spells: 7/7 levels left

rFire    + . .     SeeInvis .   a - +0 war axe
rCold    . . .     Gourm    .   c - +0 shield
rNeg     + . .     Faith    .   y - +0 scale mail of Rutarut {rF+ rN+} (curse)
rPois    .         Spirit   .   s - +0 helmet
rElec    .         Reflect  .   z - +0 cloak
rCorr    .         Harm     .   j - +2 pair of gloves
MR       ++...                  B - +0 pair of boots
Stlth    ..........             (no amulet)
HPRegen  0.00/turn              (no ring)
MPRegen  0.09/turn              A - ring of protection from magic

@: non-regenerating
A: damage resistance, heal wounds, sense surroundings 1, no regeneration
a: Heal Wounds


You were on level 6 of the Dungeon.
You were hungry.

You visited 1 branch of the dungeon, and saw 6 of its levels.

You collected 312 gold pieces.

Inventory:

Hand Weapons
 a - a +0 war axe (weapon)
 v - a +0 trident of holy wrath
 w - a +2 whip of flaming
Armour
 b - a +0 scale mail
 c - a +0 shield (worn)
 j - a +2 pair of gloves (worn)
 q - a +0 plate armour
 s - a +0 helmet (worn)
 y - the cursed +0 scale mail of Rutarut (worn) {rF+ rN+}
   (You found it on level 4 of the Dungeon)

   It protects you from fire.
   It protects you from negative energy.
   It has a curse placed upon it.
 z - a +0 cloak (worn)
 B - a +0 pair of boots (worn)
Jewellery
 i - an uncursed ring of ice
 A - a ring of protection from magic (right hand)
Scrolls
 g - 4 scrolls of remove curse
 k - 2 scrolls of blinking
 l - 2 scrolls of magic mapping
 m - a scroll of identify
 n - 5 scrolls of teleportation {unknown}
 o - a scroll of immolation {unknown}
 r - a scroll of fog {unknown}
 u - 2 scrolls of fear {unknown}
 x - a scroll of amnesia {unknown}
 C - a scroll of enchant weapon {unknown}
Potions
 d - 3 potions of might
 e - a potion of berserk rage
 h - 2 potions of flight
 p - 2 potions of heal wounds
 t - a potion of invisibility
 D - 2 potions of curing
Comestibles
 f - 11 rations


   Skills:
 + Level 4.5 Fighting
 + Level 8.6 Axes
 + Level 5.4 Armour
 + Level 3.1 Dodging
 + Level 1.0 Stealth
 + Level 7.1 Shields


You had 7 spell levels left.
You didn't know any spells.
Your spell library was empty.

Dungeon Overview and Level Annotations

Branches:
Dungeon (6/15)             Temple (0/1) D:6

Altars:
Cheibriados
Fedhas
Kikubaaqudgha
Nemelex Xobeh
Okawaru
Qazlal
Trog
Uskayaw
Wu Jian
Xom
Yredelemnul
Zin

Shops:
D:4 *

Annotations:
D:3 1 runed translucent door, titus's ghost, amateur OpEn


Innate Abilities, Weirdness & Mutations

You are resistant to damage.
You can heal yourself by infusing magical energy.
You passively map a small area around you.
You do not regenerate.


Message History

You hit the gargoyle but do no damage.
The gargoyle is moderately damaged.
The gargoyle hurls a stone arrow at you.
You block the stone arrow.
You hit the gargoyle but do no damage.
The gargoyle is moderately damaged.
You block the gargoyle's attack.
You hit the gargoyle but do no damage.
The gargoyle is moderately damaged.
The gargoyle hurls a stone arrow at you.
The stone arrow hits you!
* * * LOW HITPOINT WARNING * * *
You hit the gargoyle but do no damage.
The gargoyle is moderately damaged.
The gargoyle hits you with a +0 mace!
* * * LOW HITPOINT WARNING * * *
You slash the gargoyle!
The gargoyle is heavily damaged.
The gargoyle hits you with a +0 mace!
You die...

..# ≈ ≈ ..#
..≈≈≈≈≈≈≈≈≈≈≈≈≈ , ..#
#..≈≈≈≈≈≈...≈≈≈≈≈≈ , ..#
#..≈≈≈≈≈≈.>....... ..#
#..≈≈≈≈≈≈...≈≈≈≈≈≈ ..#
*#)..≈≈≈≈≈≈≈≈≈≈≈≈≈. ..#
#......≈≈≈≈≈≈≈≈≈... ** ..#
* ..........≈≈≈≈≈..... , .
..###..#*#......@.........
, 9. ##....#
######9......## * *,.#
...########......######
###.# ............#.####
##... ..#####...##..# #..#
..............##########.#
)###########..........<#.#
..#####......#########...#
(.(...#.###### #...#######


You could see a gargoyle.

Vanquished Creatures
  An ice beast (D:6)
  An orc warrior (D:6)
  A phantom (D:4)
  A sky beast (D:6)
  An ogre (D:4)
  2 centaurs
  4 scorpions
  A water moccasin skeleton (D:6)
  4 wights (D:5)
  2 howler monkeys (D:6)
  2 vampire bats (D:5)
  3 crimson imps
  A bullfrog zombie (D:6)
  A centaur skeleton (D:4)
  A hound (D:5)
  4 orc priests
  4 worker ants
  An iguana (D:4)
  A killer bee zombie (D:6)
  2 worker ant zombies (D:6)
  4 gnolls
  5 adders
  A shadow imp (D:6)
  An ooze (D:3)
  2 adder zombies
  An adder skeleton (D:6)
  3 worms
  A dart slug (D:1)
  4 leopard geckos
  23 orcs
  2 ball pythons
  4 bats
  3 bat skeletons (D:5)
  A bat zombie (D:5)
  5 giant cockroaches
  6 goblins
  5 hobgoblins (D:3)
  6 jackals
  6 kobolds
  A quokka (D:6)
  4 frilled lizards
  A jackal skeleton (D:4)
  6 rats
  A spectral orc (D:5)
134 creatures vanquished.

Vanquished Creatures (others)
  A withered plant (D:3)
1 creature vanquished.

Grand Total: 135 creatures vanquished

Notes
Turn   | Place    | Note
-------+----------+-------------------------------------------
     0 | D:1      | Kairos the Deep Dwarf Fighter began the quest for the Orb.
     0 | D:1      | Reached XP level 1. HP: 20/20 MP: 1/1
   437 | D:1      | Reached XP level 2. HP: 27/27 MP: 2/2
   788 | D:2      | Found a hide-covered altar of Uskayaw.
  1207 | D:2      | Found a glowing golden altar of the Shining One.
  1217 | D:2      | Found a hazy altar of Hepliaklqana.
  1217 | D:2      | Found a glowing silver altar of Zin.
  1219 | D:2      | Found a shimmering altar of Xom.
  1219 | D:2      | Found a glowing silver altar of Zin.
  1219 | D:2      | Found a hide-covered altar of Uskayaw.
  1390 | D:2      | Reached XP level 3. HP: 26/33 MP: 3/3
  1580 | D:3      | Reached skill level 3 in Axes
  1636 | D:3      | Reached skill level 1 in Dodging
  1665 | D:3      | Found a runed translucent door.
  1666 | D:3      | Noticed titus's ghost (amateur OpEn)
  1808 | D:3      | Reached XP level 4. HP: 28/40 MP: 4/4
  1885 | D:3      | Found a sparkling altar of Nemelex Xobeh.
  2198 | D:3      | Reached skill level 4 in Axes
  2499 | D:4      | Reached XP level 5. HP: 45/49 MP: 5/5
  2608 | D:4      | Found a blossoming altar of Fedhas.
  2690 | D:4      | Noticed an ogre
  2701 | D:4      | Killed an ogre
  2701 | D:4      | Reached skill level 5 in Axes
  2701 | D:4      | Reached XP level 6. HP: 40/56 MP: 4/4
  2727 | D:4      | Found a bloodstained altar of Trog.
  3069 | D:4      | Found Surosch's General Store.
  3083 | D:4      | Got a smelly scale mail
  3094 | D:4      | Identified the cursed +0 scale mail of Rutarut {rF+ rN+}
                  | (You found it on level 4 of the Dungeon)
  3171 | D:4      | Reached skill level 6 in Axes
  3442 | D:5      | Entered Level 5 of the Dungeon
  3442 | D:5      | Found a blossoming altar of Fedhas.
  3456 | D:5      | Reached skill level 5 in Shields
  3456 | D:5      | Reached XP level 7. HP: 56/62 MP: 4/4
  3514 | D:5      | Found a snail-covered altar of Cheibriados.
  3564 | D:5      | Noticed an air elemental
  3572 | D:5      | Found a stormy altar of Qazlal.
  3573 | D:5      | Noticed a water elemental
  3577 | D:5      | Noticed a fire elemental
  3679 | D:5      | Reached skill level 7 in Axes
  3770 | D:5      | Found an ornate altar of the Wu Jian Council.
  3852 | D:5      | Reached skill level 5 in Armour
  3852 | D:5      | Reached XP level 8. HP: 51/72 MP: 5/5
  3896 | D:5      | Found a basalt altar of Yredelemnul.
  4039 | D:5      | Found an ancient bone altar of Kikubaaqudgha.
  4262 | D:6      | Found an iron altar of Okawaru.
  4321 | D:6      | Reached skill level 1 in Stealth
  4361 | D:6      | Reached skill level 8 in Axes
  4566 | D:6      | Noticed a gargoyle
  4725 | D:6      | Found a staircase to the Ecumenical Temple.
  4750 | D:6      | Slain by a gargoyle

Skill      XL: |  1  2  3  4  5  6  7  8 |
---------------+-------------------------+-----
Axes           | 3 4 5 6 7 8 |  8.6
Dodging        | 1 3 |  3.1
Fighting       | 3 4 |  4.5
Shields        | 4 5 6 7 |  7.1
Armour         | 4 5 |  5.4
Stealth        | 1 |  1.0

Action                   |  1- 3 |  4- 6 |  7- 9 || total
-------------------------+-------+-------+-------++-------
Melee: War axe           |   114 |   201 |   274 ||   589
 Abil: Heal Wounds       |       |     5 |     5 ||    10
  Use: Scroll            |     1 |     6 |     2 ||     9
  Eat: Chunk             |     3 |     4 |     6 ||    13
Armor: Scale mail        |    32 |    13 |   116 ||   161
       Plate armour      |    40 |   122 |       ||   162
       Skin              |       |       |     4 ||     4
Dodge: Dodged            |    25 |    50 |    85 ||   160
Block: Shield            |    63 |   131 |   141 ||   335
